[Event "II Duchamp Open 2018"]
[Site "Rio de Janeiro"]
[Date "2018.11.20"]
[Round "9"]
[White "Torella, Rodolfo"]
[Black "Chang, Suzana"]
[Result "1-0"]
[ECO "B49"]
[WhiteElo "2036"]
[BlackElo "1968"]
[Annotator "NA RC"]
[PlyCount "89"]
[EventDate "2018.11.14"]
[EventType "swiss"]
[EventCountry "BRA"]
[SourceTitle "playchess.com"]
[Source "ChessBase"]
[SourceQuality "1"]
[TimeControl "5400+30"]

1. e4 c5 2. Nf3 e6 3. d4 cxd4 4. Nxd4 Nc6 5. Nc3 Qc7 6. Be3 a6 7. Be2 Nf6 8. O-O Be7 9. Kh1 O-O 10. f4 d6 11. Qe1 Nxd4 12. Bxd4 b5 13. Qg3 Bb7 14. a3 Rad8 15. Rae1 {[%emt 0:01:40] B85: Sicilian Scheveningen: 6 Be2 a6, lines with early Be3} Rd7 (15... Qd7 16. Bd3 Nh5 17. Qg4 Nf6 18. Qg3 Nh5 19. Qg4 Nf6 20. Qg3 Nh5 21. Qg4 Nf6 22. Qg3 {½-½ (24) Andreikin,D (2712)-Grischuk,A (2772) Huaian 2017}) 16. Bd3 Re8 17. Qh3 e5 18. fxe5 dxe5 19. Nd5 Bxd5 {[%emt 0:05:25] LiveBook: 4 Games} 20. exd5 Rxd5 21. Rxf6 Bxf6 22. Qxh7+ Kf8 23. Bc3 $146 a5 24. Be4 $5 Rd6 (24... Rdd8 25. Qh8+ Ke7 26. Qh5 $15) 25. Bd3 Rd5 ({Black should try} 25... Qb6 $15) 26. Rf1 Ke7 27. Qe4 Red8 28. Qe1 Rxd3 29. cxd3 Rxd3 30. Bxa5 Qc4 31. Bb4+ Ke8 32. Rf2 Qd5 33. Rf1 e4 34. Qe2 Be7 35. Bc3 g6 36. Rc1 (36. Qg4 $15) 36... f5 37. h3 Bg5 38. Rb1 Bd8 39. Be1 Bc7 40. Bf2 Rd2 41. Qe3 f4 42. Qc3 $2 (42. Qc5 {keeps fighting.} Qxc5 43. Bxc5) 42... Rd1+ 43. Rxd1 Qxd1+ 44. Kh2 f3+ $18 (44... Qd6 $15 45. Kg1 Kf7 46. Qb3+ Kg7) 45. Qxc7 1-0

[Event "II Duchamp Open 2018"]
[Site "Rio de Janeiro"]
[Date "2018.11.20"]
[Round "9"]
[White "Nascimento, Pedro Henrique Alve"]
[Black "Manzi, Luiz Antonio Bardar"]
[Result "1/2-1/2"]
[ECO "D35"]
[WhiteElo "2007"]
[BlackElo "2047"]
[Annotator "NA RC"]
[PlyCount "100"]
[EventDate "2018.11.14"]
[EventType "swiss"]
[EventCountry "BRA"]
[SourceTitle "playchess.com"]
[Source "ChessBase"]
[SourceQuality "1"]
[TimeControl "5400+30"]

1. d4 Nf6 2. c4 e6 3. Nc3 d5 4. cxd5 exd5 5. Bg5 Be7 6. e3 O-O 7. Bd3 c6 8. Qc2 h6 {[%emt 0:00:38] LiveBook: 134 Games} 9. Bh4 a5 10. a4 {[%emt 0:02:34] D36: Queen's Gambit Declined: Exchange Variation: Main line (5 Bg5 c6 6 Qc2)} (10. Nge2 Na6 11. a3 Re8 12. O-O Be6 13. f3 Qd7 14. Bf2 Red8 15. Rad1 b5 16. Kh1 Rdb8 17. e4 b4 {½-½ (31) Guseynov,A (2341)-Tarlabasi,E (2117) Cesme 2018}) 10... Na6 11. Bxa6 $146 ({Predecessor:} 11. Qd2 Nb4 12. Bb1 b6 13. Nf3 Ba6 14. Qd1 Nd7 15. Bg3 Rc8 16. Ne5 Nxe5 17. Bxe5 Bd6 18. Bxd6 Qxd6 {½-½ (56) Malin,O (1736)-Rolvag,B (1951) Tromsoe 2012}) 11... Rxa6 12. Nge2 Bg4 13. O-O Ne4 ({Better is} 13... g5 $15 14. Bg3 Nd7) 14. Bxe7 Qxe7 15. Nxe4 Bxe2 16. Qxe2 Qxe4 17. f3 Qe7 18. e4 (18. Ra3 $11) 18... Re8 (18... Rb6 $17 19. e5 Qb4) 19. Rfe1 Qb4 20. Qf2 dxe4 21. fxe4 Rb6 22. Re2 Rd8 23. Rd2 {[%emt 0:01:55] [#]} c5 $1 24. d5 Qxe4 25. Qxc5 Rbd6 26. Qxa5 Qe3+ 27. Kh1 Qb3 28. h3 b6 29. Qc3 Qxc3 30. bxc3 Rxd5 31. Rxd5 Rxd5 32. Rb1 Rc5 33. Rxb6 Rxc3 34. Rb8+ Kh7 35. a5 Ra3 36. Ra8 g5 37. Kg1 Ra2 38. g4 Kg7 39. a6 Kh7 40. a7 Kg7 41. Kf1 Kf6 42. Ke1 Ra1+ 43. Kd2 Ra2+ 44. Kc3 Ra3+ 45. Kb4 Ra1 46. Kb5 Rb1+ 47. Kc4 Rc1+ 48. Kb3 Ra1 49. Kb2 Ra6 50. Kb3 $11 Ra1 1/2-1/2

[Event "II Duchamp Open 2018"]
[Site "Rio de Janeiro"]
[Date "2018.11.20"]
[Round "9"]
[White "Peixoto, Rudson Marinho"]
[Black "Moccero, Eduardo"]
[Result "1-0"]
[ECO "B01"]
[WhiteElo "2007"]
[BlackElo "1945"]
[Annotator "NA RC"]
[PlyCount "101"]
[EventDate "2018.11.14"]
[EventType "swiss"]
[EventCountry "BRA"]
[SourceTitle "playchess.com"]
[Source "ChessBase"]
[SourceQuality "1"]
[TimeControl "5400+30"]

1. e4 d5 2. exd5 Qxd5 3. Nc3 Qa5 4. Nf3 Nf6 5. Be2 Bf5 6. O-O e6 {[%emt 0:00:54] B01: Scandinavian Defence} 7. a3 c6 8. d3 Nbd7 9. Bf4 Be7 10. b4 Qd8 11. Nh4 Bg6 12. Nxg6 hxg6 13. h3 $146 ({Predecessor:} 13. Ne4 Nxe4 14. dxe4 {1-0 (49) Portilla Garcia,W-Valencia Lotero,J (1925) Columbia 2009}) 13... Nh5 14. Bh2 Nb6 15. Ne4 Nd5 16. Qd2 Nhf6 17. c4 Nxe4 18. dxe4 Nf6 19. Qc2 O-O 20. Rad1 Qc8 21. Rfe1 c5 22. b5 Rd8 23. Bf3 Rxd1 24. Rxd1 a6 25. a4 axb5 26. axb5 Nd7 27. e5 Nb6 28. Bg3 Ra4 29. Be2 Qa8 30. Qe4 Ra1 {[%emt 0:09:35] [#]} (30... g5 $14) 31. Rxa1 $1 Qxa1+ 32. Kh2 Qa8 33. h4 Qc8 34. h5 (34. f4 $16) 34... g5 $2 ({Better is} 34... gxh5 $14 35. Bxh5 Qd7) 35. Bd3 f5 (35... g6 $142 36. hxg6 Qf8 37. Qxb7 Bd8) 36. exf6 $1 Bxf6 37. Qh7+ (37. Bd6 $142 Bb2 38. Qh7+ Kf7 39. h6 Qd7 40. Qg6+ {[%mdl 64] Double Attack} Kg8 41. Kg1 Bd4 42. Qh7+ Kf7 43. hxg7) 37... Kf8 38. h6 e5 39. Qg6 Ke7 40. hxg7 Qg8 41. Qe4 Qxg7 42. Qxb7+ $18 Nd7 43. Bf5 Qh8+ 44. Kg1 Qd8 45. f3 Ke8 46. Qc6 Qe7 47. Bf2 e4 48. Qxd7+ Qxd7 49. Bxd7+ Kxd7 50. Bxc5 exf3 51. gxf3 1-0

[Event "II Duchamp Open 2018"]
[Site "Rio de Janeiro"]
[Date "2018.11.20"]
[Round "9"]
[White "Rodrigues, Nei Jorge"]
[Black "Ramos, Angelo Bil"]
[Result "1/2-1/2"]
[ECO "D78"]
[WhiteElo "1978"]
[BlackElo "1952"]
[Annotator "NA RC"]
[PlyCount "89"]
[EventDate "2018.11.14"]
[EventType "swiss"]
[EventCountry "BRA"]
[SourceTitle "playchess.com"]
[Source "ChessBase"]
[SourceQuality "1"]
[TimeControl "5400+30"]

1. d4 Nf6 2. Nf3 g6 3. g3 d5 4. Bg2 Bg7 5. O-O O-O 6. c4 c6 7. Nc3 {[%emt 0:00:53] LiveBook: 159 Games} dxc4 8. a4 Na6 9. Ne5 {[%emt 0:06:10] D78: Fianchetto Grünfeld: 6 0-0 c6} (9. a5 Bf5 10. Ra4 Nd5 11. Nh4 Be6 12. Ne4 Ndc7 13. Nf3 Nb5 14. Neg5 Bf5 15. Rxc4 h6 16. Nh3 Be4 {1-0 (42) Cordova,E (2616)-Barrientos Chavarriaga,S (2476) Bogota 2014}) 9... Ng4 10. Nf3 e5 11. d5 {[%emt 0:04:13] [#]} cxd5 ({Better is} 11... e4 $1 $17 12. Nxe4 cxd5) 12. Nxd5 {[%emt 0:00:24] [#]} ({Better is} 12. Qxd5 Qxd5 13. Nxd5) 12... Nc7 $146 (12... e4 $1 $17 13. Ng5 {[#]} e3 $1 ) ({Predecessor:} 12... Be6 13. Ng5 Nc5 14. h3 Nh6 15. Nxe6 Nxe6 16. Bxh6 Bxh6 {1-0 (35) Dongo,W-Meier,P (2039) Tromsoe 2014}) 13. e4 (13. Ng5 $15) 13... Nxd5 14. exd5 Bf5 15. h3 Nh6 16. Bxh6 Bxh6 17. Nxe5 Rc8 18. a5 Qd6 19. f4 f6 20. Ng4 Bg7 21. Nf2 Bd7 22. Ne4 Qb4 23. Qc1 (23. d6 $11) 23... f5 24. Nc3 a6 (24... Rc5 $17 25. a6 b5) 25. Qd2 Rc5 26. Rfe1 (26. d6 $11 {remains equal.}) 26... Rxa5 27. Rad1 Qd6 28. Kh2 Rc5 29. Ne2 Rcc8 30. Nd4 Bxd4 ({Black should play} 30... Rfe8 $17 31. Re3 Rxe3 32. Qxe3 a5) 31. Qxd4 b5 32. Qe5 ({White should play} 32. Ra1 $15) 32... Rf6 33. Qd4 Re8 (33... a5 $17 34. Kh1 b4) 34. Re5 Rff8 35. Rde1 a5 36. R1e3 a4 37. Bf3 {[%emt 0:01:23] [#]} Rc8 $1 38. Be2 Rfe8 $15 (38... Qc5 $17 39. Qd2 Rfe8) 39. h4 Rcd8 40. Kh3 h6 41. Kh2 Rf8 42. Bf3 Rde8 43. Kh3 h5 44. Kh2 Bc8 45. R5e4 1/2-1/2

[Event "II Duchamp Open 2018"]
[Site "Rio de Janeiro"]
[Date "2018.11.20"]
[Round "9"]
[White "Chaves, Jorge Antonio Torre"]
[Black "Maia, Jose Eduardo Bastos"]
[Result "1/2-1/2"]
[ECO "E06"]
[WhiteElo "1922"]
[BlackElo "2093"]
[Annotator "NA RC"]
[PlyCount "130"]
[EventDate "2018.11.14"]
[EventType "swiss"]
[EventCountry "BRA"]
[SourceTitle "playchess.com"]
[Source "ChessBase"]
[SourceQuality "1"]
[TimeControl "5400+30"]

1. Nf3 d5 2. c4 e6 3. d4 Nf6 4. g3 Be7 5. Bg2 O-O 6. O-O c6 7. Qc2 b6 8. Rd1 Nbd7 9. Bf4 Bb7 {[%emt 0:06:11] LiveBook: 682 Games E08: Closed Catalan: Main Line: 7 Qc2} 10. h4 $146 ({Predecessor:} 10. Ne5 Rc8 11. Nc3 Nh5 12. Bc1 Nhf6 13. e4 Bb4 14. Bg5 Qc7 15. Nxd7 Nxd7 16. a3 Bxc3 17. Qxc3 dxc4 18. Bf4 Qd8 19. Bd6 {0-1 (76) Dominguez Perez,L (2739)-Caruana,F (2822) Saint Louis 2018}) 10... Rc8 11. Nbd2 c5 12. dxc5 Nxc5 13. b3 Qe8 (13... b5 $5) 14. Be5 h6 ({Black should play} 14... Ng4 $17) 15. Qb2 b5 16. cxd5 Bxd5 17. Bd4 Qc6 18. Ne5 Qb7 19. Bxd5 Qxd5 20. Ndf3 Rfd8 21. Rac1 Qb7 22. Rc2 Nce4 23. Rdc1 Rxc2 24. Qxc2 Ba3 (24... Nd6 $11) 25. Qc7 Qxc7 26. Rxc7 Bd6 27. Rxa7 Bxe5 28. Bxe5 Rd1+ 29. Kg2 Ng4 30. Bd4 e5 31. Be3 Nc3 32. Ng1 Nxe3+ 33. fxe3 Rd2 34. a4 Rb2 35. axb5 Rxb3 36. Nf3 Rxb5 37. Ra8+ Kh7 38. Re8 f6 39. Ng1 Kg6 40. Kf3 h5 41. Ra8 Rb3 42. Rd8 Kf5 43. Kf2 Kg4 44. Nf3 $2 (44. Kg2 {was necessary.}) 44... Rb2 45. Ng1 Ne4+ 46. Kg2 Nxg3 47. Rg8 Nxe2 48. Rxg7+ Kf5 49. Nxe2 Rxe2+ {[%emt 0:00:03] Double Attack} 50. Kf3 Rh2 51. e4+ Ke6 52. Kg3 Rh1 53. Rh7 Rf1 54. Rxh5 Rf4 55. Rh7 Rxe4 56. h5 Kf5 57. Rg7 Re1 58. Kg2 Ra1 59. h6 Ra8 60. h7 Rh8 61. Kf3 e4+ 62. Ke3 Ke5 63. Re7+ Kf5 64. Rg7 Ke5 65. Re7+ $11 Kf5 {[%emt 0:00:23] Kxe4+} 1/2-1/2

[Event "II Duchamp Open 2018"]
[Site "Rio de Janeiro"]
[Date "2018.11.20"]
[Round "9"]
[White "Pimentel, Rafael Favarin G."]
[Black "Fucs, Paulo Moses"]
[Result "0-1"]
[ECO "D35"]
[WhiteElo "1886"]
[BlackElo "2016"]
[Annotator "NA RC"]
[PlyCount "106"]
[EventDate "2018.11.14"]
[EventType "swiss"]
[EventCountry "BRA"]
[SourceTitle "playchess.com"]
[Source "ChessBase"]
[SourceQuality "1"]
[TimeControl "5400+30"]

1. d4 Nf6 2. c4 e6 3. Nc3 d5 4. Bf4 c6 5. e3 Bd6 {[%emt 0:01:29] LiveBook: 25 Games} 6. Bxd6 Qxd6 7. Nf3 Nbd7 8. Be2 {[%emt 0:00:18] D35: Queen's Gambit Declined: Exchange Variation} (8. Qc2 O-O 9. Bd3 h6 10. O-O dxc4 11. Bxc4 e5 12. Rad1 Qe7 13. Nh4 Qb4 14. Bb3 Kh8 15. Nf5 Kg8 16. Nxh6+ gxh6 {1-0 (28) Sedlak,N (2622)-Marcetic,N (2314) Belgrade 2014}) 8... O-O 9. O-O b6 10. Nd2 $146 ({Predecessor:} 10. Rc1 Bb7 11. Qc2 Rac8 12. Rfd1 Qb8 13. e4 dxe4 14. Nxe4 Nxe4 15. Qxe4 Nf6 {½-½ (62) Sulko,J (2051)-Staffen,R (2050) Slovakia 2017}) 10... e5 11. dxe5 Nxe5 12. cxd5 Nxd5 13. Nxd5 Qxd5 14. Nf3 Qe6 15. Nxe5 Qxe5 16. Qd4 Qxd4 17. exd4 Be6 18. Rac1 Rac8 19. Ba6 Rcd8 20. Bc4 Rfe8 21. d5 (21. Rfd1 $11) 21... cxd5 22. Bb5 Re7 23. Rfd1 g6 24. Rd4 Kg7 25. f4 Bf5 26. b4 (26. Kf2 $17 {was necessary.}) 26... a5 (26... Re4 $17 27. Rxe4 dxe4) 27. bxa5 bxa5 28. Rc5 Re4 29. Rdxd5 Rxd5 30. Rxd5 Be6 31. Rd8 Bxa2 32. Ra8 Rxf4 33. Rxa5 Be6 34. Be2 h5 35. g3 Rb4 36. Rb5 Ra4 37. Re5 h4 38. gxh4 Rxh4 39. Kg2 Rd4 40. Kg3 Bd5 $17 41. Re8 Be6 42. h3 Rb4 43. Bg4 Bd5 44. Rd8 Bb3 45. Rd7 Kh6 46. Rd6 Bc2 47. Rd2 Be4 48. Ra2 f5 49. Be2 Rb3+ 50. Kh2 Rc3 51. Rd2 Kg5 52. Bd1 Kh4 53. Bg4 fxg4 0-1

[Event "II Duchamp Open 2018"]
[Site "Rio de Janeiro"]
[Date "2018.11.20"]
[Round "9"]
[White "Reis, Virginia Lagrange M"]
[Black "Brito, Vicente De Paulo Al"]
[Result "1/2-1/2"]
[ECO "B08"]
[WhiteElo "1750"]
[BlackElo "2044"]
[Annotator "NA RC"]
[PlyCount "75"]
[EventDate "2018.11.14"]
[EventType "swiss"]
[EventCountry "BRA"]
[SourceTitle "playchess.com"]
[Source "ChessBase"]
[SourceQuality "1"]
[TimeControl "5400+30"]

1. e4 d6 2. d4 Nf6 3. Nc3 g6 4. h3 Bg7 5. Nf3 a6 6. Be3 {[%emt 0:00:38] B08: Pirc Defence: Classical System} b5 (6... O-O 7. a4 Nc6 8. Be2 e6 9. O-O b6 10. d5 exd5 11. exd5 Ne7 12. Bc4 Bb7 13. Qd2 Nf5 14. Bf4 Qd7 15. Rfe1 Rfe8 16. Rxe8+ Rxe8 17. Re1 Rxe1+ 18. Qxe1 {½-½ (63) Caruana,F (2799)-Grischuk,A (2782) Saint Louis 2017}) 7. a3 Bb7 8. Bd3 O-O 9. Qd2 Nbd7 {[%emt 0:07:48] LiveBook: 16 Games} 10. b4 {[%emt 0:06:33] [#]} d5 $2 $146 ({Predecessor:} 10... c5 $1 $17 11. bxc5 dxc5 12. e5 cxd4 13. Bxd4 Nh5 14. Be4 Bxe4 15. Nxe4 {½-½ (25) Bordes Guasch,J (1793)-Zvolanek,L (2167) Olomouc 2017}) 11. e5 Ne4 12. Bxe4 $1 dxe4 13. Ng5 Nb6 14. Ngxe4 Nc4 15. Qe2 Nxe3 16. fxe3 f6 17. Nc5 Bd5 18. Nxd5 Qxd5 {[%emt 0:00:02] [#]} 19. e6 $1 f5 20. c3 a5 21. O-O axb4 22. axb4 Rxa1 23. Rxa1 Bh6 24. Ra7 (24. Kf2 $18) 24... f4 {[%emt 0:01:44] [#]} 25. e4 ({Avoid the trap} 25. Rxc7 $2 f3 $19) ({Better is} 25. exf4 $1 $16 Bxf4 26. Nd7 (26. Qxb5 $2 Qg5 $19)) 25... Qg5 $2 (25... f3 $1 $11 26. Qxf3 (26. exd5 $2 {perishes.} fxe2 27. Nd3 Rf1+ 28. Kh2 Bf4+ 29. g3 Rd1 $19) (26. gxf3 Qg5+ 27. Kh2 Qf4+ {[%mdl 64] Double Attack} 28. Kg2 Qg5+ 29. Kh2 Qf4+ {[%mdl 64] Double Attack} 30. Kg2 Qg5+ 31. Kh2 $11) 26... Qg5) 26. Qg4 f3 27. Qxg5 Bxg5 28. Rxc7 Be3+ 29. Kf1 fxg2+ 30. Kxg2 Rf2+ 31. Kg3 Rc2 32. Rxe7 Rxc3 33. Re8+ Kg7 $18 34. Re7+ Kg8 35. Re8+ Kg7 36. Kg2 Bxd4 37. Nd7 Re3 38. Re7+ 1/2-1/2